 Dungeon Crawl Stone Soup version 0.31-a0-692-gf03d1854d5 (webtiles) character file.

Game seed: 9237457170396579222

2625 qw the Skirmisher (level 9, -5/57 HPs)
             Began as a Gargoyle Hunter on Sept 6, 2023.
             Was a Follower of Okawaru.
             Killed by divine providence
             ... invoked by Jeremiah
              (11 damage)
             ... on level 8 of the Dungeon.
             The game lasted 00:02:19 (5431 turns).

qw the Skirmisher (Gargoyle Hunter)                 Turns: 5431, Time: 00:02:20

Health: -5/57      AC: 18    Str: 14    XL:     9   Next: 60%
Magic:  7/9        EV: 16    Int: 11    God:    Okawaru [*.....]
Gold:   166        SH:  0    Dex: 17    Spells: 8/8 levels left

rFire   + . .        Y - +1 shortbow (drain)
rCold   + . .        (shield currently unavailable)
rNeg    + . .        n - +1 leather armour {rF+}
rPois   inf          (no helmet)
rElec   +            (no cloak)
rCorr   .            k - +2 pair of gloves
SInv    +            m - +2 pair of boots
Will    .....        (no amulet)
Stlth   +++          o - ring of protection from cold
HPRegen 0.29/turn    a - ring of see invisible
MPRegen 0.11/turn

%: no passive effects
@: about to teleport, heroic
A: sickness immunity, AC +6, negative energy resistance 1, electricity
resistance, torment resistance 1, petrification resistance
a: Renounce Religion, Heroism


You were on level 8 of the Dungeon.
You worshipped Okawaru.
Okawaru was aware of your devotion.
You visited 2 branches of the dungeon, and saw 9 of its levels.

You collected 510 gold pieces.
You spent 344 gold pieces at shops.


Innate Abilities, Weirdness & Mutations

You are immune to sickness and miasma.
Your stone body is resilient. (AC +6)
You are immune to poison.
You resist negative energy. (rN+)
You are resistant to electric shocks. (rElec)
You are resistant to unholy torment.
You are immune to petrification.


   Skills:
 + Level 7.0(12.0) Fighting
 - Level 11.0(16.0) Ranged Weapons
 - Level 3.3(8.3) Armour
 - Level 3.0(8.0) Dodging
 - Level 1.1(6.1) Stealth
 + Level 0.0 Invocations


You had 8 spell levels left.
You didn't know any spells.
Your spell library was empty.

Inventory:

Hand Weapons
 Y - a +1 shortbow of draining (weapon)
Armour
 k - a +2 pair of gloves (worn)
 m - a +2 pair of boots (worn)
 n - a +1 leather armour of fire resistance (worn)
Jewellery
 a - a ring of see invisible (right hand)
 e - a ring of ice
 o - a ring of protection from cold (left hand)
Scrolls
 b - a scroll of teleportation
 f - 4 scrolls of identify
Potions
 d - 2 potions of cancellation
 h - 2 potions of curing
 i - 2 potions of haste
 j - a potion of mutation

Dungeon Overview and Level Annotations

Branches:
Dungeon (8/15)             Temple (1/1) D:6
   Lair: D:8-11

Altars:
Ashenzari
Cheibriados
Dithmenos
Elyvilon
Fedhas
Gozag
Hepliaklqana
Kikubaaqudgha
Makhleb
Nemelex Xobeh
Okawaru
Qazlal
Ru
Sif Muna
Trog
Uskayaw
Vehumet
Wu Jian
Xom
Yredelemnul
Zin
The Shining One

Shops:
D:3 [   D:6 [   D:7 (

Annotations:
D:2 1 runed translucent door, Crazy Yiuf
D:6 2 transporters, qw's ghost, novice GrHu
D:8 Jeremiah


Message History

Jeremiah hits you but does no damage.
You shoot an arrow. The arrow hits the yak!
You drain the yak.
You kill the yak!
Okawaru accepts your kill. The orc hits you but does no damage.
Jeremiah hops!
You shoot an arrow. The arrow hits the yak.
You drain the yak.
You kill the yak!
Okawaru is honoured by your kill.
You can now gain great but temporary skills.
The butterfly disappears in a burst of colours!
The orc hits you but does no damage. Jeremiah hits you but does no damage.
Your Ranged Weapons skill increases to level 11!
5428 ||| INVOKING Heroism.
You gain the combat prowess of a mighty hero.
The orc barely misses you. The polar bear completely misses you.
The polar bear barely misses you. The polar bear claws you.
Jeremiah hits you from afar with a +2 trident of draining.
5429 ||| READING 2 scrolls of teleportation.
As you read the scroll of teleportation, it crumbles to dust.
You feel strangely unstable.
The butterfly disappears in a burst of colours! x3
The orc hits you but does no damage. The polar bear bites you!
The polar bear completely misses you.
The polar bear claws you but does no damage.
Jeremiah hits you but does no damage.
You shoot an arrow.
The arrow hits the polar bear but does no damage.
You drain the polar bear.
The polar bear is heavily wounded.
The butterfly disappears in a burst of colours!
The orc hits you but does no damage.
The polar bear bites you but does no damage.
The polar bear closely misses you. The polar bear barely misses you.
You shoot an arrow.
The arrow hits the polar bear but does no damage.
The polar bear is heavily wounded.
Jeremiah lets out a twisted cry.
Something smites you!
You die...
Jeremiah asks, "What happened?
Did... did you die?"

#. ..# ###..
...##...#####
............#
....~.b..b..#
#..~...b...##
#.F~.......o###
#..~..?b.b.h@b#
#.~~..<....##b#
#..~........#


bFb ...~..####### #### ...~~. .~.~~ ~~.~~ .~~~ ~~~~ You could see Jeremiah, a
polar bear (drained) and an orc.

Vanquished Creatures
  Pikel (D:5)
  2 yaks (D:8)
  2 orc warriors
  An ice beast (D:6)
  A black bear (D:5)
  A sky beast (D:6)
  3 ogres
  A lemure (D:5)
  3 scorpions
  A bullfrog (D:6)
  A howler monkey (D:5)
  3 jellies
  2 gnoll boudas
  4 hounds
  2 orc priests (D:6)
  Jessica (D:3)
  A sleepcap (D:6)
  4 iguanas
  7 orc wizards
  A centaur simulacrum (D:8)
  10 gnolls
  8 adders
  3 worms
  4 dart slugs
  22 orcs
  5 ball pythons
  8 bats
  5 endoplasms
  3 giant cockroaches
  2 goblins
  3 hobgoblins
  2 jackals (D:1)
  8 kobolds
  5 quokkas
  10 rats
140 creatures vanquished.

Notes
Turn   | Place    | Note
-------+----------+-------------------------------------------
     0 | D:1      | qw the Gargoyle Hunter began the quest for the Orb.
     0 | D:1      | Reached XP level 1. HP: 12/12 MP: 1/1
     0 | D:1      | 0 ||| qw: Version: 0.3-a-76-g4403597
     0 | D:1      | 0 ||| qw: Game counter: 249
     0 | D:1      | 0 ||| qw: Melee chars always use a shield: true
     0 | D:1      | 0 ||| qw: God list: Okawaru
     0 | D:1      | 0 ||| qw: Allow faded altars: false
     0 | D:1      | 0 ||| qw: Do Orc after clearing Dungeon:15 true
     0 | D:1      | 0 ||| qw: Do second Lair branch before Depths: true
     0 | D:1      | 0 ||| qw: Lair rune preference: random
     0 | D:1      | 0 ||| qw: Goals: Normal
     0 | D:1      | 0 ||| PLANNING D:1-11
    57 | D:1      | Reached XP level 2. HP: 17/17 MP: 2/2
   605 | D:1      | Reached XP level 3. HP: 21/21 MP: 3/3
   611 | D:1      | 611 ||| READING scroll labelled NIURATT BOET.
   616 | D:1      | 616 ||| READING scroll labelled CUKKUNKENEI.
   632 | D:1      | 632 ||| DROPPING scroll of butterflies.
   679 | D:2      | Reached skill level 5 in Ranged Weapons
  1143 | D:2      | Found a sacrificial altar of Ru.
  1315 | D:2      | Found a runed translucent door.
  1316 | D:2      | Noticed Crazy Yiuf
  1363 | D:2      | 1363 ||| FLEEEEING.
  1364 | D:2      | 1364 ||| FLEEEEING.
  1365 | D:2      | 1365 ||| FLEEEEING.
  1609 | D:2      | 1609 ||| UPGRADING to +0 ring mail.
  1619 | D:2      | 1619 ||| DROPPING +0 leather armour.
  1620 | D:2      | 1620 ||| UPGRADING to +2 pair of boots.
  1625 | D:2      | 1625 ||| DROPPING +6 ring of intelligence.
  1626 | D:2      | 1626 ||| UPGRADING to ring of protection from cold.
  1627 | D:2      | 1627 ||| READING scroll labelled BED UW HITTOPT.
  1628 | D:2      | 1628 ||| READING scroll labelled QYAXEN VOINYIG.
  1629 | D:2      | 1629 ||| READING scroll labelled COREKHL YNASK.
  1630 | D:2      | 1630 ||| READING scroll labelled ZITAQO SOCOY.
  1745 | D:3      | Noticed an ogre
  1748 | D:3      | 1748 ||| STAIRDANCE
  1788 | D:3      | 1788 ||| STAIRDANCE
  1796 | D:2      | Killed an ogre
  1797 | D:2      | Reached skill level 3 in Armour
  1797 | D:2      | Reached XP level 4. HP: 12/27 MP: 4/4
  1797 | D:2      | Reached XP level 5. HP: 14/32 MP: 5/5
  1912 | D:3      | Reached skill level 3 in Fighting
  1978 | D:3      | Noticed Jessica
  1983 | D:3      | Killed Jessica
  2083 | D:3      | Reached XP level 6. HP: 37/37 MP: 6/6
  2144 | D:3      | Found Rafoxt's Antique Armour Emporium.
  2158 | D:3      | 2158 ||| BUYING glowing leather armour (135 gold).
  2158 | D:3      | Bought a glowing leather armour for 135 gold pieces
  2158 | D:3      | 2158 ||| SHOPLISTING steaming robe (153 gold, have 2).
  2335 | D:3      | 2335 ||| UPGRADING to +1 leather armour of fire resistance.
  2345 | D:3      | 2345 ||| DROPPING +0 ring mail.
  2346 | D:3      | 2346 ||| UPGRADING to ring of see invisible.
  2347 | D:3      | 2347 ||| DROPPING ring of magical power.
  2348 | D:3      | 2348 ||| DROPPING ring of wizardry.
  2349 | D:3      | 2349 ||| READING scroll labelled YBUYLENOTH.
  2350 | D:3      | 2350 ||| DRINKING 2 white potions.
  2388 | D:4      | 2388 ||| STAIRDANCE
  2393 | D:3      | Reached skill level 6 in Ranged Weapons
  2583 | D:4      | Reached XP level 7. HP: 43/43 MP: 7/7
  2742 | D:4      | Reached skill level 7 in Ranged Weapons
  2744 | D:4      | 2744 ||| Stepping ~*~*~tactically~*~*~ (outnumbered).
  3025 | D:4      | 3025 ||| UPGRADING to +2 pair of gloves.
  3030 | D:4      | 3030 ||| READING scroll labelled HUR FEIMO EMNU.
  3031 | D:4      | 3031 ||| READING scroll labelled UNKYIZ ZUTAFI.
  3032 | D:4      | 3032 ||| DRINKING 2 metallic grey potions.
  3033 | D:4      | 3033 ||| DRINKING 2 fizzy puce potions.
  3034 | D:4      | 3034 ||| READING 4 scrolls of identify.
  3034 | D:4      | 3034 ||| IDENTIFYING silvery potion
  3035 | D:4      | 3035 ||| READING 3 scrolls of identify.
  3035 | D:4      | 3035 ||| IDENTIFYING murky ruby potion
  3036 | D:4      | 3036 ||| DROPPING potion of lignification.
  3052 | D:5      | Entered Level 5 of the Dungeon
  3081 | D:5      | Found an opulent altar of Gozag.
  3112 | D:5      | Reached skill level 8 in Ranged Weapons
  3169 | D:5      | 3169 ||| Stepping ~*~*~tactically~*~*~ (outnumbered).
  3327 | D:5      | Reached XP level 8. HP: 48/48 MP: 8/8
  3352 | D:5      | Found an ancient bone altar of Kikubaaqudgha.
  3425 | D:5      | Noticed Pikel
  3426 | D:5      | 3426 ||| RETREATING.
  3429 | D:5      | 3429 ||| RETREATING.
  3432 | D:5      | 3432 ||| RETREATING.
  3449 | D:5      | Killed Pikel
  3450 | D:5      | Reached skill level 9 in Ranged Weapons
  3584 | D:5      | Found a hide-covered altar of Uskayaw.
  3850 | D:5      | 3850 ||| DROPPING ring of flight.
  3851 | D:5      | 3851 ||| READING 4 scrolls of identify.
  3851 | D:5      | 3851 ||| IDENTIFYING black potion
  3852 | D:5      | 3852 ||| DROPPING potion of degeneration.
  3869 | D:6      | 3869 ||| PLANNING SEWER
  3997 | D:6      | Reached skill level 6 in Fighting
  4127 | D:6      | Found Xerchitz's Antique Armour Shop.
  4132 | D:6      | 4132 ||| BUYING pair of warped gloves (209 gold).
  4132 | D:6      | Bought a pair of warped gloves for 209 gold pieces
  4132 | D:6      | Identified the -1 pair of gloves "Teruruq" {Harm Rampage
                  | Int+3} (You bought it in a shop on level 6 of the Dungeon)
  4188 | D:6      | Reached skill level 10 in Ranged Weapons
  4188 | D:6      | Reached XP level 9. HP: 55/55 MP: 9/9
  4211 | D:6      | Reached skill level 3 in Dodging
  4235 | D:6      | Found a staircase to the Ecumenical Temple.
  4461 | D:6      | Noticed a hornet
  4464 | D:6      | Noticed a queen bee
  4470 | D:6      | Noticed qw's ghost (novice GrHu)
  4487 | D:6      | 4487 ||| RIP SEWER
  4501 | D:6      | Found a transporter.
  4506 | D:6      | Found a transporter.
  4508 | D:6      | 4508 ||| PLANNING TEMPLE
  4508 | D:6      | 4508 ||| DROPPING scarf of invisibility.
  4509 | D:6      | 4509 ||| DROPPING -1 pair of gloves "Teruruq" {Harm Rampage
                  | Int+3}.
  4510 | D:6      | 4510 ||| READING scroll labelled RODU LORAJ.
  4545 | Temple   | Entered the Ecumenical Temple
  4546 | Temple   | 4546 ||| PLANNING OKAWARU WORSHIP
  4555 | Temple   | Became a worshipper of Warmaster Okawaru
  4556 | Temple   | 4556 ||| PLANNING D:1-11
  4977 | D:7      | Identified the +7 war axe of the Inferno {freeze, rF+++
                  | Int-5}
  5021 | D:7      | 5021 ||| Stepping ~*~*~tactically~*~*~ (outnumbered).
  5206 | D:7      | Found Pam Nor's Weapon Emporium.
  5396 | D:8      | Noticed a polar bear
  5396 | D:8      | Noticed Jeremiah
  5397 | D:8      | 5397 ||| PLANNING OSSUARY
  5397 | D:8      | 5397 ||| RETREATING.
  5398 | D:8      | 5398 ||| Stepping ~*~*~tactically~*~*~ (retreating).
  5399 | D:8      | 5399 ||| Stepping ~*~*~tactically~*~*~ (retreating).
  5400 | D:8      | 5400 ||| Stepping ~*~*~tactically~*~*~ (retreating).
  5401 | D:8      | 5401 ||| Stepping ~*~*~tactically~*~*~ (retreating).
  5402 | D:8      | 5402 ||| Stepping ~*~*~tactically~*~*~ (retreating).
  5427 | D:8      | Reached * piety under Okawaru
  5428 | D:8      | Reached skill level 11 in Ranged Weapons
  5428 | D:8      | 5428 ||| INVOKING Heroism.
  5428 | D:8      | HP: 14/57 [Jeremiah/+2 trident of draining (5)]
  5429 | D:8      | 5429 ||| READING 2 scrolls of teleportation.
  5429 | D:8      | HP: 6/57 [polar bear (8)]
  5431 | D:8      | Killed from afar by Jeremiah

Levels and vault maps discovered:
D:1:      lemuel_arrival_behind_the_door_small, layout_loops_ring
D:2:      layout_basic, basic_altar, uniq_crazy_yiuf_cottage
D:3:      layout_rooms, serial_shops, shop, hangedman_decor_slide_cut,
          uniq_jessica
D:4:      layout_basic, minmay_pentomino_pile
D:5:      layout_loops_ring, nicolae_gozag_seed_capital,
          nicolae_uskayaw_suspiria, kiku_gazebo_pond_becter, uniq_pikel
D:6:      layout_basic, minmay_temple_entry_antechambers,
          cheibrodos_sewer_entry_bend, gammafunk_ghost_hive, serial_shops,
          nicolae_shop_hallway_plus
D:7:      layout_basic, serial_shops, nicolae_shop_rolling_square
D:8:      layout_rooms, nicolae_ru_the_path_less_chosen,
          chequers_ossuary_entry_cave, serial_ice, serial_ice_a, serial_ice_m,
          serial_ice_k, serial_ice_g, serial_ice_c, serial_ice_n, serial_ice_d,
          uniq_jeremiah, uniq_maurice, uniq_psyche
Temple:   nicolae_temple_bog_church

Skill      XL: |  1  2  3  4  5  6  7  8  9 |
---------------+----------------------------+-----
Ranged Weapons | 5 6 8 10 11 | 11.0
Armour         | 3 |  3.3
Fighting       | 3 4 6 7 |  7.0
Dodging        | 2 3 |  3.0
Stealth        | |  1.1

Action                     |  1- 3 |  4- 6 |  7- 9 || total
---------------------------+-------+-------+-------++-------
   Fire: Shortbow          |   119 |   132 |   307 ||   558
 Invoke: Heroism           |       |       |     1 ||     1
    Use: Scroll            |     6 |     1 |     7 ||    14
         Potion            |       |     1 |     2 ||     3
 Armour: Leather armour    |    23 |    28 |   125 ||   176
         Ring mail         |     5 |    25 |       ||    30
  Dodge: Dodged            |    22 |    45 |    67 ||   134

Table legend:
 A = Non-vault XP
 B = Vault XP
 C = Vault XP percentage of total XP
 D = Non-vault monster count
 E = Vault monster count
 F = Vault count percentage of total count
                 A         B        C        D         E       F
            +---------+---------+-------+---------+---------+-------
      Total |    2581 |    1169 |  31.2 |     128 |      11 |   7.9
            +---------+---------+-------+---------+---------+-------
        D:1 |      34 |       0 |   0.0 |      17 |       0 |   0.0
        D:2 |     153 |       0 |   0.0 |      16 |       0 |   0.0
        D:3 |     145 |      37 |  20.3 |      24 |       1 |   4.0
        D:4 |     377 |      98 |  20.6 |      26 |       5 |  16.1
        D:5 |     471 |     617 |  56.7 |      13 |       1 |   7.1
        D:6 |    1098 |       5 |   0.5 |      20 |       1 |   4.8
        D:7 |     297 |       0 |   0.0 |      10 |       0 |   0.0
        D:8 |       6 |     412 |  98.6 |       2 |       3 |  60.0
            +---------+---------+-------+---------+---------+-------
